 Dungeon Sprint DCSS version 0.30.1-9-gdf580d7c3d (webtiles) character file.

Game seed: 7998124100442947660

31288 Groucho the Spry (level 13, -25/72 HPs)
             Began as a Spriggan Enchanter on Oct 11, 2023.
             Was the Champion of Dithmenos.
             Annihilated by an ettin
             ... wielding a +0 dire flail
              (39 damage)
             ... in the Dungeon (Sprint VII: "The Pits").
             The game lasted 00:36:18 (11913 turns).

Groucho the Spry (Spriggan Enchanter)              Turns: 11913, Time: 00:36:19

Health: -25/72     AC:  7    Str:  8    XL:     13   Next: 25%
Magic:  18/35      EV: 32    Int: 21    God:    Dithmenos [******]
Gold:   23         SH:  0    Dex: 15    Spells: 27/46 levels left

rFire   . . .        e - +9 dagger (elec)
rCold   . . .        (no shield)
rNeg    . . .        z - +2 robe {Archmagi}
rPois   .            (helmet restricted)
rElec   .            C - +1 cloak
rCorr   .            (gloves unavailable)
SInv    +            (boots unavailable)
Will    ++...        b - amulet of the acrobat Stlth *+++++++++
                     i - +3 ring of evasion
HPRegen 0.32/turn    l - +3 ring of intelligence
MPRegen 0.24/turn

%: no teleportation, acrobat, archmagi
@: lethally poisoned (-25 -> -38), wreathed by umbra, very quick
A: very small, no large weapons, unfitting armour, see invisible, speed 3
a: Renounce Religion, Shadow Step, Shadow Form


You were in the Dungeon.
You worshipped Dithmenos.
Dithmenos was exalted by your worship.
You visited 1 branch You collected 23 gold pieces.

Inventory:

Hand Weapons
 e - a +9 dagger of electrocution (weapon)
 n - a +2 rapier of electrocution
 D - a +3 shortbow of freezing
 E - a +6 quick blade
Armour
 o - +0 steam dragon scales
 z - a +2 robe of the Archmagi (worn)
 A - a +2 robe of resistance
 B - +3 shadow dragon scales
 C - a +1 cloak (worn)
Jewellery
 b - an amulet of the acrobat (around neck)
 i - a +3 ring of evasion (left hand)
 l - a +3 ring of intelligence (right hand)
 v - a ring of positive energy
 w - a ring of fire
 x - a ring of willpower
Wands
 p - a wand of paralysis (6)
Scrolls
 j - 5 scrolls of amnesia
 k - 2 scrolls of summoning
 s - a scroll of fog
 u - 2 scrolls of fear
 y - a scroll of identify
Potions
 a - 3 potions of curing
 c - 2 potions of invisibility
 d - 14 potions of heal wounds
 f - 3 potions of haste
 g - 4 potions of magic
 h - 5 potions of berserk rage
 m - a potion of brilliance
 t - 3 potions of might


   Skills:
 + Level 9.8 Fighting
 - Level 10.1 Short Blades
 + Level 8.8 Armour
 + Level 18.7 Dodging
 - Level 15.0 Stealth
 + Level 17.3 Spellcasting
 * Level 12.6 Conjurations
 - Level 17.4 Hexes
 - Level 4.2 Invocations
 + Level 3.4 Evocations


You had 27 spell levels left.
You knew the following spells:

 Your Spells              Type           Power      Damage    Failure   Level
a - Ensorcelled Hibernat  Hex/Ice        100%       N/A       1%          2
b - Confusing Touch       Hex            95%        N/A       0%          3
c - Dazzling Flash        Conj/Hex       100%       N/A       1%          3
d - Tukima's Dance        Hex            95%        N/A       0%          3
e - Ignition              Fire           13%        3d6       100%        8

Your spell library contained the following spells:

 Spells                   Type           Power      Damage    Failure   Level
 Sticky Flame             Conj/Fire      61%        2d8       2%          4
 Beastly Appendage        Tmut           54%        N/A       3%          1
 Wereblood                Tmut           27%        N/A       4%          2
 Ignite Poison            Fire/Tmut/Pois 27%        N/A       9%          3
 Spider Form              Tmut/Pois      27%        N/A       9%          3


Dungeon Overview and Level Annotations

Branches:
Dungeon (1/1)

Altars:
Ashenzari
Cheibriados
Dithmenos
Elyvilon
Fedhas
Gozag
Hepliaklqana
Kikubaaqudgha
Makhleb
Nemelex Xobeh
Okawaru
Qazlal
Ru
Sif Muna
Trog
Uskayaw
Vehumet
Wu Jian
Xom
Yredelemnul
Zin
The Shining One
Jiyva
Lugonu


Innate Abilities, Weirdness & Mutations

You are very small and have problems with some larger weapons.
You are too small for most types of armour.
You have supernaturally acute eyesight. (SInv)
You cover ground extremely quickly. (Speed+++)


Message History

Casting: Ensorcelled Hibernation (safe; 1% risk of failure)
Confirm with . or Enter, or press ? or * to list all spells.
You can't see any susceptible monsters within range! (Use Z to cast anyway.)
Casting: Ensorcelled Hibernation (safe; 1% risk of failure)
Confirm with . or Enter, or press ? or * to list all spells.
Aiming: Ensorcelled Hibernation (safe; 1% risk of failure)
Press: ? - help, Shift-Dir - straight line, f/p - guardian serpent
Aim: a guardian serpent (umbra, chance to affect: 37%)
You feel a surge of power!
The guardian serpent looks drowsy...
The guardian serpent shouts!
The vampire mage closely misses you. The vampire mage misses you.
The guardian serpent completely misses you.
Things that are here:
a +0 battleaxe; a +0 plate armour The guardian serpent casts a spell at you.
The ettin blinks!
The vampire mage blinks!
The vampire mage completely misses you.
The vampire mage bites you but does no damage.
The guardian serpent casts a spell at you.
The vampire mage blinks!
The ettin blinks!
You hit the vampire mage but do no damage.
The vampire mage misses you. The vampire mage barely misses you.
The ettin misses you. x2
Okay, then.
Casting: Ensorcelled Hibernation (safe; 1% risk of failure)
Confirm with . or Enter, or press ? or * to list all spells.
You feel a surge of power!
Your hands begin to glow red.
The vampire mage closely misses you. The vampire mage completely misses you.
You hit the vampire mage but do no damage.
You hit the vampire mage but do no damage.
The vampire mage appears confused.
Your shadow barely misses the vampire mage.
The guardian serpent coils itself and waves its upper body at you.
The bolt of poison hits you!!
You are poisoned.
* * * LOW HITPOINT WARNING * * *
You emit a cloud of dark smoke.
The ettin closely misses you.
The ettin hits you with a +0 dire flail!!!
Ouch! That really hurt!
You die...

#..##......##§§§[.).......).).
####..##.#'##.##†§§[)..)).[.[..).
......##.#..'.##.§##############'
......##.'|.#.##).#))'..)'))#....
########.#).'.##..#.)#...#))#....
########.'||#.##..####...#######.
).##..##.##'#.##.§#.........#....
..##..##......##S§#..............
..''..##########@V#.....)...#....
..'').##########§C##'###'##.####.
..##..)...).......#))))#))#.#..##
..##..............#))))#.)#)'..#
################################
########## ##################
.#...'....###...##..).##.....#
##.).###...#...##......##....#
.'...'.##.....####....####...#


You could see an ettin (confused), a vampire mage (invisible, confused) and a
guardian serpent.

Vanquished Creatures
  A bone dragon (D)
  A deep elf blademaster (D)
  A nagaraja (D)
  A ghost moth (D)
  2 orc warlords (D)
  Josephine (D)
  A great orb of eyes (D)
  A yaktaur captain (D)
  A rakshasa (D)
  A vault guard (D)
  A hydra (D)
  A death knight (D)
  2 naga warriors (D)
  A two-headed ogre (D)
  A sun demon (D)
  2 fire crabs (D)
  4 deep elf knights (D)
  A shadow wraith (D)
  A flayed ghost (D)
  A sea snake (D)
  A swamp dragon (D)
  A wizard (D)
  A deep troll (D)
  A lindwurm (D)
  10 orc knights (D)
  An elephant (D)
  A black mamba (D)
  A gargoyle (D)
  An unseen horror (D)
  A yaktaur (D)
  A hornet (D)
  A wind drake (D)
  A tarantella (D)
  3 blink frogs (D)
  A flying skull (D)
  A jumping spider (D)
  2 spriggans (D)
  2 wyverns (D)
  4 wraiths (D)
  A fire elemental (D)
  A steam dragon (D)
  A basilisk (D)
  A fire bat (D)
  6 redbacks (D)
  A warg (D)
  A chaos spawn (D)
  2 acid dragons (D)
  A hell hound (D)
  A water moccasin (D)
  5 swamp drakes (D)
  A sky beast (D)
  A black bear (D)
  An ogre (D)
  A wolf (D)
  2 centaurs (D)
  2 kobold brigands (D)
  An earth elemental (D)
  A scorpion (D)
  3 necrophages (D)
  4 wights (D)
  A quasit (D)
  2 hounds (D)
  2 orc priests (D)
  An iron imp (D)
  Ijyb (D)
  A gnoll (D)
  An ufetubus (D)
  An orc (D)
  2 bats (D)
  An endoplasm (D)
  2 giant cockroaches (D)
  A goblin (D)
  3 ball pythons (D)
  A ball python simulacrum (D)
  A ball python zombie (D)
  A frilled lizard (D)
  A quokka skeleton (D)
  2 rats (D)
124 creatures vanquished.

Vanquished Creatures (others)
  3 dancing weapons (D)
  A floating eye (D)
  A ball python simulacrum (D)
5 creatures vanquished.

Grand Total: 129 creatures vanquished

Notes
Turn   | Place    | Note
-------+----------+-------------------------------------------
     0 | D        | Groucho the Spriggan Enchanter began the quest for the Orb.
     0 | D        | Reached XP level 1. HP: 9/9 MP: 5/5
   359 | D        | Found a bloodstained altar of Trog.
   359 | D        | Found a shimmering blue altar of Sif Muna.
   359 | D        | Found a viscous altar of Jiyva.
   359 | D        | Found a hazy altar of Hepliaklqana.
   359 | D        | Found an opulent altar of Gozag.
   360 | D        | Found a glowing golden altar of the Shining One.
   360 | D        | Found a glowing silver altar of Zin.
   360 | D        | Found a basalt altar of Yredelemnul.
   360 | D        | Found a shimmering altar of Xom.
   360 | D        | Found an ornate altar of the Wu Jian Council.
   360 | D        | Found a sacrificial altar of Ru.
   360 | D        | Found a stormy altar of Qazlal.
   360 | D        | Found an iron altar of Okawaru.
   360 | D        | Found a sparkling altar of Nemelex Xobeh.
   360 | D        | Found a burning altar of Makhleb.
   360 | D        | Found a blossoming altar of Fedhas.
   360 | D        | Found a white marble altar of Elyvilon.
   360 | D        | Found a shadowy altar of Dithmenos.
   360 | D        | Found a snail-covered altar of Cheibriados.
   363 | D        | Found a corrupted altar of Lugonu.
   363 | D        | Found a radiant altar of Vehumet.
   364 | D        | Found an ancient bone altar of Kikubaaqudgha.
   364 | D        | Found a hide-covered altar of Uskayaw.
   364 | D        | Found a broken altar of Ashenzari.
   386 | D        | Became a worshipper of Dithmenos the Shadowed
   410 | D        | Reached skill level 3 in Dodging
   410 | D        | Reached skill level 5 in Stealth
   425 | D        | Reached * piety under Dithmenos
   428 | D        | Reached XP level 2. HP: 13/13 MP: 7/7
   430 | D        | Noticed a scorpion
   430 | D        | Noticed a black bear
   433 | D        | Killed a scorpion
   434 | D        | Reached skill level 5 in Dodging
   434 | D        | Reached skill level 5 in Spellcasting
   434 | D        | Reached skill level 5 in Hexes
   434 | D        | Reached XP level 3. HP: 16/16 MP: 7/10
   434 | D        | Reached XP level 4. HP: 21/21 MP: 8/12
   434 | D        | Reached ** piety under Dithmenos
   467 | D        | Learned a level 2 spell: Ensorcelled Hibernation
   471 | D        | Learned a level 3 spell: Confusing Touch
   475 | D        | Learned a level 3 spell: Dazzling Flash
   479 | D        | Learned a level 3 spell: Tukima's Dance
   485 | D        | Killed a black bear
   486 | D        | Reached skill level 5 in Short Blades
   486 | D        | Reached skill level 6 in Dodging
   486 | D        | Reached XP level 5. HP: 21/24 MP: 10/14
   707 | D        | Noticed an ogre
   713 | D        | Reached *** piety under Dithmenos
   728 | D        | Reached skill level 7 in Dodging
   752 | D        | Killed an ogre
   753 | D        | Reached skill level 8 in Dodging
   753 | D        | Reached skill level 10 in Stealth
   753 | D        | Reached XP level 6. HP: 24/28 MP: 17/17
  1055 | D        | Noticed a wizard
  1056 | D        | Noticed a sky beast
  1100 | D        | Reached **** piety under Dithmenos
  1102 | D        | Noticed a wyvern
  1104 | D        | Killed a wyvern
  1105 | D        | Reached skill level 9 in Dodging
  1105 | D        | Reached XP level 7. HP: 32/32 MP: 18/20
  1122 | D        | Reached ***** piety under Dithmenos
  1359 | D        | Noticed a fire bat
  1359 | D        | Noticed a two-headed ogre
  1364 | D        | Killed a fire bat
  1365 | D        | Reached skill level 10 in Dodging
  1368 | D        | Killed a two-headed ogre
  1369 | D        | Reached skill level 11 in Dodging
  1369 | D        | Reached skill level 10 in Spellcasting
  1369 | D        | Reached skill level 10 in Hexes
  1369 | D        | Reached XP level 8. HP: 34/36 MP: 14/23
  1495 | D        | Killed a wizard
  1496 | D        | Reached skill level 10 in Short Blades
  1496 | D        | Reached skill level 12 in Dodging
  1496 | D        | Reached XP level 9. HP: 28/39 MP: 21/25
  1520 | D        | Reached skill level 1 in Conjurations
  1680 | D        | Noticed an elephant
  1682 | D        | Killed an elephant
  1683 | D        | Reached skill level 1 in Fighting
  1683 | D        | Reached skill level 1 in Armour
  1683 | D        | Reached skill level 15 in Stealth
  2072 | D        | Noticed a gargoyle
  2074 | D        | Killed a gargoyle
  2075 | D        | Reached skill level 13 in Dodging
  2199 | D        | Noticed a fire crab
  2202 | D        | Noticed a ghost moth
  2347 | D        | Killed a ghost moth
  2348 | D        | Reached skill level 5 in Conjurations
  2348 | D        | Reached XP level 10. HP: 22/49 MP: 0/27
  2615 | D        | Noticed a lindwurm
  2666 | D        | Killed a lindwurm
  2667 | D        | Reached skill level 14 in Dodging
  2936 | D        | Noticed a swamp dragon
  2958 | D        | Killed a swamp dragon
  3741 | D        | Killed a fire crab
  3742 | D        | Reached skill level 5 in Fighting
  3871 | D        | Noticed a sea snake
  3875 | D        | Noticed a flayed ghost
  4008 | D        | Noticed a deep troll
  4009 | D        | Killed a sea snake
  4010 | D        | Noticed a black mamba
  4010 | D        | Noticed Ijyb
  4012 | D        | Reached XP level 11. HP: 44/56 MP: 15/29
  4016 | D        | Killed Ijyb
  4300 | D        | Noticed an orc knight
  4302 | D        | Reached skill level 5 in Armour
  4402 | D        | Killed a deep troll
  4403 | D        | Reached skill level 15 in Dodging
  4417 | D        | Reached ****** piety under Dithmenos
  4417 | D        | Killed a flayed ghost
  4910 | D        | Killed an orc knight
  5226 | D        | Noticed a great orb of eyes
  5232 | D        | Killed a great orb of eyes
  6131 | D        | Noticed a shadow wraith
  6131 | D        | Noticed a seven-headed hydra
  6131 | D        | Noticed Josephine
  6213 | D        | Killed a seven-headed hydra
  6214 | D        | Reached skill level 16 in Dodging
  6214 | D        | Reached skill level 15 in Hexes
  6378 | D        | Killed Josephine
  6379 | D        | Reached skill level 15 in Spellcasting
  6456 | D        | Killed a shadow wraith
  7250 | D        | Noticed a fire crab
  7250 | D        | Noticed an orc knight
  7250 | D        | Noticed an orc knight
  7250 | D        | Noticed an orc knight
  7250 | D        | Noticed an orc knight
  7252 | D        | Noticed an orc knight
  7252 | D        | Noticed an orc knight
  7253 | D        | Killed a fire crab
  7254 | D        | Noticed an orc knight
  7254 | D        | Noticed an orc warlord
  7254 | D        | Noticed an orc warlord
  7255 | D        | Noticed an orc knight
  7396 | D        | Killed an orc knight
  7397 | D        | Reached skill level 10 in Conjurations
  7440 | D        | Killed an orc warlord
  7441 | D        | Reached XP level 12. HP: 64/64 MP: 18/32
  7742 | D        | Reached skill level 17 in Dodging
  7979 | D        | Killed an orc warlord
  8199 | D        | Noticed a vault guard
  8221 | D        | Killed a vault guard
  8416 | D        | Noticed a naga warrior
  8425 | D        | Noticed a death knight
  8426 | D        | Killed a naga warrior
  8787 | D        | Reached skill level 1 in Invocations
  8788 | D        | Killed a death knight
  9101 | D        | Found the +3 Mad Mage's Maulers {Infuse+∞ VampMP -Cast}
  9251 | D        | Noticed a naga warrior
  9254 | D        | Noticed a deep elf blademaster
  9254 | D        | Noticed a bone dragon
  9254 | D        | Noticed a yaktaur captain
  9255 | D        | Killed a naga warrior
  9257 | D        | Killed a deep elf blademaster
  9258 | D        | Reached skill level 18 in Dodging
  9644 | D        | Killed a yaktaur captain
  9645 | D        | Reached XP level 13. HP: 55/70 MP: 26/34
 10503 | D        | Killed a bone dragon
 10652 | D        | Noticed a nagaraja
 10786 | D        | Reached skill level 1 in Evocations
 11452 | D        | Killed a nagaraja
 11748 | D        | Learned a level 8 spell: Ignition
 11854 | D        | Noticed an ettin
 11913 | D        | Annihilated by an ettin

Illustrated notes

Levels and vault maps discovered:
D:        pitsprint [storerooms_1, entrance_room_1, metal_vault_6, armoury_2,
          mini_pit_1, grid_room_1, main_hall_1, silver_pit, the_coven_1,
          the_vestibule_1, steel_vault_1, golden_pit, hallway_of_sentries,
          crystal_vault_1, iron_vault_4, final_vault]

Skill      XL: |  1  2  3  4  5  6  7  8  9 10 11 12 13 |
---------------+----------------------------------------+-----
Short Blades   | 2 3 5 6 7 9 10 | 10.1
Dodging        | 3 5 6 8 9 11 12 13 14 16 18 | 18.7
Stealth        | 5 7 8 10 11 13 14 15 | 15.0
Spellcasting   | 3 5 6 7 8 10 11 12 13 15 16 17 | 17.3
Hexes          | 4 5 6 7 8 10 11 12 13 15 17 | 17.4
Conjurations   | 5 7 10 12 | 12.6
Fighting       | 4 5 7 9 |  9.8
Armour         | 3 4 6 8 |  8.8
Invocations    | 3 4 |  4.2
Evocations     | 3 |  3.4

Action                     |  1- 3 |  4- 6 |  7- 9 | 10-12 | 13-15 || total
---------------------------+-------+-------+-------+-------+-------++-------
  Melee: Dagger            |    12 |    35 |    71 |   146 |   131 ||   395
         Punch             |       |     1 |       |       |       ||     1
   Fire: Shortbow          |       |       |       |    12 |       ||    12
   Cast: Ensorcelled Hiber |       |     1 |     8 |    59 |     6 ||    74
         Confusing Touch   |       |       |     7 |    14 |    12 ||    33
         Tukima's Dance    |       |       |       |     7 |     7 ||    14
         Dazzling Flash    |       |       |       |       |     3 ||     3
 Invoke: Shadow Step       |       |       |     8 |    36 |     2 ||    46
  Evoke: Wand              |       |       |       |       |     1 ||     1
    Use: Potion            |     1 |     3 |     2 |     6 |     2 ||    14
         Scroll            |       |       |     1 |       |     8 ||     9
   Stab: Sleeping          |     3 |     5 |    15 |    58 |     4 ||    85
         Invisible         |     1 |       |       |       |     5 ||     6
         Confused          |       |       |     6 |    14 |     6 ||    26
 Armour: Robe              |     1 |     1 |     1 |       |     4 ||     7
         Steam dragon scal |       |       |     2 |     1 |       ||     3
  Dodge: Dodged            |     6 |    41 |    47 |    62 |    97 ||   253
